 Dungeon Crawl Stone Soup version 0.17.1-2-g5865329 (webtiles) character file.

434 PossumBlood the Archer (level 6, -8/39 HPs)
             Began as a High Elf Hunter on Jan 23, 2016.
             Was an Initiate of Okawaru.
             Killed from afar by Dowan (12 damage)
             ... with a shard of ice
             ... on level 4 of the Dungeon.
             The game lasted 00:17:47 (4618 turns).

PossumBlood the Archer (High Elf Hunter)            Turns: 4618, Time: 00:17:47

Health: -8/39      AC: 10    Str: 11    XL:     6   Next: 67%
Magic:  7/7        EV: 12    Int: 15    God:    Okawaru [......]
Gold:   162        SH:  0    Dex: 18    Spells: 0 memorised, 5 levels left

rFire  . . .     SeeInvis .     b - +0 short sword
rCold  . . .     Clarity  .     c - +0 leather armour
rNeg   . . .     SustAt   .     (no shield)
rPois  .         Gourm    .     t - +2 helmet
rElec  .         Spirit   .     n - +2 cloak
rCorr  .         Warding  .     (no gloves)
rMut   .         Stasis   +     g - +0 pair of boots
MR     .....                    i - amulet of stasis
Stlth  ++........               (no ring)
                                (no ring)

@: not resistant to hostile enchantments, unstealthy
A: no striking features
a: Renounce Religion


You were on level 4 of the Dungeon.
You worshipped Okawaru.
Okawaru was noncommittal.
You were not hungry.

You visited 2 branches of the dungeon, and saw 5 of its levels.

You collected 162 gold pieces.

Inventory:

Hand Weapons
 a - a +1 shortbow
 b - a +0 short sword (weapon)
 e - a +2 quarterstaff of chaos
Armour
 c - a +0 leather armour (worn)
 g - a +0 pair of boots (worn)
 n - a +2 cloak (worn)
 o - a +0 cloak
 t - a +2 helmet (worn)
Jewellery
 i - an amulet of stasis (around neck)
Scrolls
 j - a scroll of fog
 l - a scroll of remove curse
 p - 7 scrolls of teleportation
 s - a scroll of enchant weapon {unknown}
Potions
 k - a potion of magic
 m - a potion of cure mutation
 q - a potion of curing
Books
 r - a Necronomicon

   Spells                             Type                      Level
   a - Haunt                          Necromancy/Summoning         7
   b - Borgnjor's Revivification      Necromancy                   8
   c - Death's Door                   Charms/Necromancy            8
   d - Necromutation                  Transmutation/Necromancy     8
Comestibles
 f - 3 bread rations
 h - 2 meat rations


   Skills:
 - Level 2.0 Fighting
 * Level 10.5 Bows
 - Level 2.1 Dodging
 - Level 1.1 Stealth


You had 5 spell levels left.
You didn't know any spells.

Dungeon Overview and Level Annotations

Branches:
Dungeon (4/15)             Temple (1/1) D:4

Altars:
Cheibriados
Elyvilon
Gozag
Makhleb
Okawaru
Qazlal
Sif Muna
Trog
Yredelemnul
The Shining One

Shops:
D:3 *

Annotations:
D:4 Dowan


Message History

Dowan points at you and mumbles some strange words.
The stone arrow hits you!
You see here an arrow.
You hit Dowan.
Dowan is almost dead.
Dowan mumbles some strange words.
Dowan blinks!
You hit Dowan but do no damage.
Dowan is almost dead.
Dowan mumbles some strange words.
Dowan blinks!
Dowan drinks a potion.
Dowan is healed!
Dowan completely misses you.
Dowan hits you with a dagger of protection.
Dowan points at you and mumbles some strange words.
The shard of ice hits you!
* * * LOW HITPOINT WARNING * * *
Dowan gestures at you while chanting. The shard of ice hits you!
You die...

...... ######## ......
#......# .
......############......##..
.................+.....>....
................##.........#
................##...)((...(
.###.................(..((((
#....###....(..#####+###.
.###....# #.....@[#
........# #.......#
......#####.......#
...............e..+
.####.########....# .# #.#
#....# .# #.# #....# .# #.#
###.## .# #.# .# ..##.# #


You could see Dowan.

Vanquished Creatures
  Duvessa (D:4)
  The ghost of matthes123 the Covert, an amateur SpEn (D:4)
  Crazy Yiuf (D:3)
  An orc wizard (D:3)
  2 worker ants (D:4)
  A gnoll (D:1)
  8 adders
  An adder skeleton (D:3)
  5 worms
  3 orcs (D:3)
  5 bats
  A giant cockroach (D:4)
  2 gnoll zombies (D:2)
  9 goblins
  9 hobgoblins
  8 jackals
  A quokka (D:2)
  2 ball pythons
  4 giant geckos
  A giant newt (D:2)
  9 kobolds
  4 rats
79 creatures vanquished.

Notes
Turn   | Place    | Note
--------------------------------------------------------------
     0 | D:1      | PossumBlood the High Elf Hunter began the quest for the Orb.
     0 | D:1      | Reached XP level 1. HP: 14/14 MP: 2/2
    90 | D:1      | Reached skill level 6 in Bows
    90 | D:1      | Reached XP level 2. HP: 17/19 MP: 3/3
   572 | D:1      | Reached XP level 3. HP: 22/24 MP: 4/4
   774 | D:2      | Reached skill level 7 in Bows
   920 | D:2      | Reached XP level 4. HP: 24/29 MP: 5/5
  1061 | D:2      | Found a basalt altar of Yredelemnul.
  2355 | D:3      | Reached skill level 8 in Bows
  2379 | D:3      | HP: 1/29 [kobold/short sword (4)]
  2870 | D:3      | Found a bloodstained altar of Trog.
  2946 | D:3      | Reached XP level 5. HP: 34/34 MP: 6/6
  3174 | D:3      | Found an opulent altar of Gozag.
  3178 | D:3      | Found Gozag's Platinum Reserve.
  3310 | D:3      | Found a deep blue altar of Sif Muna.
  3914 | D:3      | Noticed Crazy Yiuf
  3930 | D:3      | Killed Crazy Yiuf
  3930 | D:3      | Reached skill level 9 in Bows
  4333 | D:4      | Noticed matthes123's ghost (amateur SpEn)
  4357 | D:4      | Killed matthes123's ghost
  4357 | D:4      | Reached XP level 6. HP: 27/39 MP: 7/7
  4491 | D:4      | Found a staircase to the Ecumenical Temple.
  4508 | Temple   | Entered the Ecumenical Temple
  4515 | Temple   | Became a worshipper of Warmaster Okawaru
  4573 | D:4      | Noticed Duvessa
  4577 | D:4      | Noticed Dowan
  4588 | D:4      | Killed Duvessa
  4588 | D:4      | Reached skill level 10 in Bows
  4618 | D:4      | Killed from afar by Dowan

Action                   |  1- 3 |  4- 6 || total
-------------------------+-------+-------++-------
Melee: Short sword       |    10 |    96 ||   106
 Fire: Shortbow          |    90 |   161 ||   251
  Use: Scroll            |     1 |    10 ||    11
       Potion            |       |     4 ||     4
 Stab: Sleeping          |       |     1 ||     1
  Eat: Bread ration      |       |     3 ||     3
